cohdb
Replays
Latest Replays
All Replays
Popular Replays
Top Player Replays
Match Explorer
How It Works
Community
CoH3 Stats
Reddit
Sign in to upload your games and track your stats! →
Sign in with Steam
Match 42060779
Unlisted
Match 42060779
Overview
Messages
Build Orders
End
Kradschützen Motorcycle Team
Selects Italian Combined Arms Battlegroup
Selects Bersaglieri Squad
Bersaglieri Squad
Bersaglieri Squad
Bersaglieri Squad
Construct Light Support Kompanie
Fire Support Elements
Selects Bersaglieri Bolster
Panzerjäger Mechanized Group
Flakvierling Half-track
Bersaglieri Squad
Vehicle Survival Package
PE--nagisa
只愛❤毛妹
0
0
Comments
sign in to comment!
No comments posted yet!